 Dungeon Crawl Stone Soup version 0.27-a0-1105-g946c659c87 (webtiles) character file.

Game seed: 608769806815792412

4557 pokeman the Thaumaturge (level 10, -1/54 HPs)
             Began as a Deep Elf Hedge Wizard on Apr 29, 2021.
             Slain by a centaur
             ... wielding a +0 spear
              (4 damage)
             ... on level 8 of the Dungeon.
             The game lasted 00:31:20 (12064 turns).

pokeman the Thaumaturge (Deep Elf Hedge Wizard)    Turns: 12064, Time: 00:31:20

Health: -1/54      AC:  8    Str:  7    XL:     10   Next: 18%
Magic:  17/28      EV: 13    Int: 23    God:
Gold:   542        SH:  0    Dex: 14    Spells: 23/34 levels left

rFire    + . .     SeeInvis .   d - +1 dagger (elec)
rCold    . . .     Faith    .   (no shield)
rNeg     . . .     Spirit   .   M - +0 steam dragon scales
rPois    +         Reflect  .   i - +0 helmet
rElec    .         Harm     .   (no cloak)
rCorr    .         Rampage  .   N - +1 pair of gloves
Will     +....                  (no boots)
Stlth    ++........             (no amulet)
HPRegen  0.18/turn              b - ring of protection from fire
MPRegen  0.21/turn              p - ring of poison resistance

@: very slightly contaminated, studying Shields
A: no striking features
a: no special abilities


You were on level 8 of the Dungeon.
You visited 2 branches of the dungeon, and saw 9 of its levels.
You also visited: Sewer and Ossuary.

You collected 542 gold pieces.

Inventory:

Hand Weapons
 d - a +1 dagger of electrocution (weapon)
 J - a +0 shortbow
Missiles
 c - 136 arrows
 h - 4 atropa-tipped darts
 H - 48 bolts
Armour
 i - a +0 helmet (worn)
 k - a +0 buckler
 u - a +0 pair of gloves
 D - the +0 buckler of Maapnoc {Drain Fly rElec Str-4}
   (You took it off a kobold on level 4 of the Dungeon)

   It affects your strength (-4).
   It insulates you from electricity.
   It grants you flight.
   It drains your maximum health when unequipped.
 M - +0 steam dragon scales (worn)
 N - a +1 pair of gloves (worn)
Jewellery
 b - a ring of protection from fire (left hand)
 n - a ring of positive energy
 p - a ring of poison resistance (right hand)
 C - a +6 ring of dexterity
 E - a ring of positive energy
 I - a ring of see invisible
 K - an amulet of faith
Wands
 w - a wand of mindburst (15)
 A - a wand of iceblast (8)
 L - a wand of polymorph (12)
Scrolls
 a - 3 scrolls of amnesia {unknown}
 f - 2 scrolls of noise {unknown}
 j - 9 scrolls of identify {unknown}
 l - 4 scrolls of magic mapping {unknown}
 m - 2 scrolls of enchant armour {unknown}
 q - 8 scrolls of fog {unknown}
 r - 6 scrolls of teleportation {unknown}
 s - 2 scrolls of fear {unknown}
 y - a scroll of summoning {unknown}
 B - 2 scrolls of enchant weapon {unknown}
 G - a scroll of torment {unknown}
Potions
 e - 4 potions of attraction {unknown}
 g - 6 potions of flight {unknown}
 o - 4 potions of haste {unknown}
 t - 2 potions of degeneration {unknown}
 v - 9 potions of curing {unknown}
 x - a potion of cancellation {unknown}
 z - a potion of heal wounds {unknown}
 F - a potion of might {unknown}


   Skills:
 + Level 2.7 Fighting
 - Level 3.0 Armour
 - Level 3.0 Dodging
 - Level 3.2 Stealth
 - Level 4.0 Shields
 * Level 12.7 Spellcasting
 + Level 7.3 Conjurations
 - Level 1.1 Summonings
 - Level 1.1 Translocations
 + Level 6.3 Fire Magic
 - Level 1.0 Air Magic
 - Level 1.0 Poison Magic
 - Level 1.2 Evocations


You had 23 spell levels left.
You knew the following spells:

 Your Spells              Type           Power      Damage    Failure   Level
a - Magic Dart            Conj           100%       1d8       1%          1
b - Mephitic Cloud        Conj/Pois/Air  29%        N/A       3%          3
c - Call Imp              Summ           19%        N/A       4%          2
d - Blink                 Tloc           N/A        N/A       4%          2
e - Conjure Flame         Conj/Fire      46%        6-21      1%          3

Your spell library contained the following spells:

 Spells                   Type           Power      Damage    Failure   Level
 Beastly Appendage        Tmut           28%        N/A       4%          1
 Slow                     Hex            14%        N/A       6%          2
 Wereblood                Tmut           14%        N/A       6%          2
 Spider Form              Tmut/Pois      8%         N/A       11%         3
 Cause Fear               Hex            7%         N/A       38%         4
 Ice Form                 Ice/Tmut       14%        N/A       38%         4
 Silence                  Hex/Air        8%         N/A       67%         5
 Hydra Form               Tmut           7%         N/A       75%         5
 Yara's Violent Unravell  Hex/Tmut       7%         3d5       75%         5
 Discord                  Hex            7%         N/A       100%        8


Dungeon Overview and Level Annotations

Branches:
Dungeon (8/15)             Temple (1/1) D:6           Sewer (visited)
Ossuary (visited)
   Lair: D:8-11

Altars:
Ashenzari
Cheibriados
Dithmenos
Elyvilon
Gozag
Hepliaklqana
Kikubaaqudgha
Makhleb
Nemelex Xobeh
Okawaru
Ru
Sif Muna
Trog
Uskayaw
Wu Jian
Xom
Zin

Shops:
D:2 =


Message History

The centaur is engulfed in noxious fumes.
The centaur appears confused.
Unknown command.
Unknown command.
Casting: Mephitic Cloud (dangerous; 3% risk of failure)
Confirm with . or Enter, or press ? or * to list all spells.
The fire begins to smolder!
The centaur is engulfed in noxious fumes.
The centaur appears confused.
The centaur is engulfed in noxious fumes.
The centaur appears confused.
The centaur is engulfed in noxious fumes.
The centaur appears confused.
The centaur looks very confused.
The fire ignites!
Casting: Conjure Flame (safe; 1% risk of failure)
Confirm with . or Enter, or press ? or * to list all spells.
Aiming: Magic Dart (safe; 1% risk of failure)
Press: ? - help, Shift-Dir - straight line, f - centaur
Aim: a centaur, wielding a +0 shortbow and quivering arrows (lightly wounded, confused, 100% to hit)
The magic dart hits the centaur.
The centaur is moderately wounded.
Casting: Magic Dart (safe; 1% risk of failure)
Confirm with . or Enter, or press ? or * to list all spells.
Aiming: Magic Dart (safe; 1% risk of failure)
Press: ? - help, Shift-Dir - straight line, f/p - centaur
Aim: a centaur, wielding a +0 shortbow and quivering arrows (moderately wounded, confused, 100% to hit)
The magic dart hits the centaur.
The centaur is heavily wounded.
Casting: Magic Dart (safe; 1% risk of failure)
Confirm with . or Enter, or press ? or * to list all spells.
Aiming: Magic Dart (safe; 1% risk of failure)
Press: ? - help, Shift-Dir - straight line, f/p - centaur
Aim: a centaur, wielding a +0 shortbow and quivering arrows (heavily wounded, confused, 100% to hit)
The magic dart hits the centaur.
The centaur is heavily wounded.
The centaur is engulfed in blazing flames.
The centaur unwields a +0 shortbow.
The centaur wields a +0 spear.
The centaur hits you with a +0 spear.
You die...

#..#.#. #.... #...?. #.
#...# #.... #... #.#..
#.#.###....# #....
#.#9#g...### #.#..
#9...))..... #.#..
#.########## #.##.
#.#####################.##.
#.).....).@c...○(.......###
#######################....
#####


You could see a centaur (confused).

Vanquished Creatures
  A gargoyle (D:8)
  Maggie (D:6)
  A troll (shapeshifter) (D:8)
  A meliai (D:8)
  A wyvern (D:6)
  8 yaks
  A water moccasin (D:6)
  An ice beast (D:7)
  A hornet zombie (D:7)
  A black bear (D:5)
  2 necrophages
  2 ogres (D:6)
  2 centaurs
  3 bullfrogs
  2 scorpions
  A water moccasin zombie (D:6)
  2 wyvern skeletons
  4 killer bees (D:7)
  5 hounds
  3 jellies
  2 orc priests
  2 iguanas
  An orc wizard (D:7)
  A killer bee zombie (D:6)
  13 mummies (Ossuary)
  2 howler monkey zombies
  7 gnolls
  2 adders (D:4)
  2 river rats (D:3)
  A shadow imp (D:6)
  A white imp (D:5)
  An adder skeleton (D:4)
  9 worms
  A dart slug (D:1)
  14 orcs
  9 ball pythons
  6 endoplasms
  6 giant cockroaches
  7 hobgoblins
  8 jackals
  6 quokkas
  10 bats
  6 frilled lizards (D:3)
  11 goblins
  5 goblin skeletons (Ossuary)
  9 kobolds
  2 kobold skeletons (Ossuary)
  An orc skeleton (Ossuary)
  5 rats
  11 rat skeletons (Ossuary)
204 creatures vanquished.

Vanquished Creatures (collateral kills)
  A yak (D:5)
  A killer bee (D:7)
  A mummy (Ossuary)
3 creatures vanquished.

Grand Total: 207 creatures vanquished

Notes
Turn   | Place    | Note
-------+----------+-------------------------------------------
     0 | D:1      | pokeman the Deep Elf Hedge Wizard began the quest for the
                  | Orb.
     0 | D:1      | Reached XP level 1. HP: 10/10 MP: 7/7
   498 | D:1      | Found a faded altar of an unknown god.
   516 | D:1      | Reached XP level 2. HP: 15/15 MP: 6/9
  1044 | D:1      | Reached skill level 5 in Spellcasting
  1390 | D:2      | Reached XP level 3. HP: 9/20 MP: 4/11
  1396 | D:2      | Learned a level 3 spell: Mephitic Cloud
  1399 | D:2      | Learned a level 2 spell: Call Imp
  1404 | D:1      | Learned a level 2 spell: Blink
  1408 | D:1      | Learned a level 3 spell: Conjure Flame
  1707 | D:2      | Found Hokhluk's Jewellery Shop.
  1951 | D:2      | Reached skill level 1 in Armour
  2027 | D:2      | Reached skill level 1 in Fighting
  2606 | D:3      | Found a snail-covered altar of Cheibriados.
  2656 | D:3      | Found an ornate altar of the Wu Jian Council.
  2696 | D:3      | Reached XP level 4. HP: 20/25 MP: 8/13
  2984 | D:3      | Found a glowing drain.
  2988 | Sewer    | Entered a sewer
  3002 | Sewer    | Reached skill level 1 in Fire Magic
  3677 | Sewer    | Reached skill level 6 in Spellcasting
  4250 | D:3      | Reached XP level 5. HP: 29/29 MP: 11/15
  4397 | D:4      | Found a sand-covered staircase.
  4397 | D:4      | Noticed a necrophage
  4434 | Ossuary  | Entered an ossuary
  4670 | Ossuary  | Reached skill level 1 in Air Magic
  5536 | Ossuary  | Reached skill level 1 in Poison Magic
  5867 | Ossuary  | Reached XP level 6. HP: 26/34 MP: 4/17
  6018 | Ossuary  | Reached skill level 1 in Shields
  6598 | D:4      | Reached skill level 7 in Spellcasting
  6598 | D:4      | Reached skill level 1 in Evocations
  6985 | D:4      | Identified the +0 buckler of Maapnoc {Drain Fly rElec
                  | Str-4}
  7262 | D:5      | Entered Level 5 of the Dungeon
  7359 | D:5      | Reached XP level 7. HP: 38/38 MP: 16/20
  7417 | D:5      | Noticed a yak
  7417 | D:5      | Noticed a yak
  7417 | D:5      | Noticed a yak
  7418 | D:5      | Noticed a yak
  7488 | D:5      | Killed a yak
  7489 | D:5      | Reached skill level 8 in Spellcasting
  7645 | D:5      | Killed a yak
  7647 | D:5      | Killed a yak
  7648 | D:5      | Reached XP level 8. HP: 27/44 MP: 13/22
  7816 | D:5      | Reached skill level 9 in Spellcasting
  8202 | D:5      | Found an ancient bone altar of Kikubaaqudgha.
  8888 | D:6      | Found a staircase to the Ecumenical Temple.
  8898 | Temple   | Entered the Ecumenical Temple
  9194 | D:6      | Reached skill level 5 in Conjurations
  9230 | D:6      | Reached skill level 10 in Spellcasting
  9831 | D:6      | Reached XP level 9. HP: 48/48 MP: 21/25
 10145 | D:6      | Noticed Maggie
 10177 | D:6      | Killed Maggie
 10178 | D:6      | Reached skill level 11 in Spellcasting
 10583 | D:6      | Found a shimmering altar of Xom.
 10673 | D:7      | Reached skill level 5 in Fire Magic
 11432 | D:7      | Reached skill level 12 in Spellcasting
 11893 | D:8      | Reached XP level 10. HP: 53/53 MP: 20/28
 11896 | D:8      | Noticed a gargoyle
 11927 | D:8      | Killed a gargoyle
 12058 | D:8      | HP: 2/54 [centaur/arrow (4)]
 12064 | D:8      | Slain by a centaur

Illustrated notes

Levels and vault maps discovered:
D:1:      eino_arrival_tree_alley, layout_basic,
          hellmonk_ecumenical_altar_crossroads
D:2:      layout_basic, serial_shops, nicolae_shop_stone
D:3:      layout_rooms, grunt_temple_overflow_open, serial_glass,
          glass_columns_c, glass_columns_b, gup_sewer_entry_bowl,
          minmay_lizard_king
D:4:      layout_rooms, enter_ossuary_2, minmay_manual_mess
D:5:      layout_loops_cross, amcnicky_altar_gilded
D:6:      layout_loops_corners, general_overflow_altar,
          minmay_temple_entry_purple_smoke, uniq_maggie
D:7:      layout_rooms
D:8:      minmay_tri_box, layout_basic, david_lair_shrubbed
Temple:   nicolae_temple_figure_eight

Skill      XL: |  1  2  3  4  5  6  7  8  9 |
---------------+----------------------------+-----
Spellcasting   | 5 6 7 8 10 12 | 12.7
Armour         | 1 3 |  3.0
Fighting       | 1 2 |  2.7
Conjurations   | 2 3 4 5 7 |  7.3
Fire Magic     | 1 2 4 6 |  6.3
Dodging        | 3 |  3.0
Air Magic      | 1 |  1.0
Poison Magic   | 1 |  1.0
Shields        | 1 4 |  4.0
Evocations     | 1 |  1.2
Stealth        | 3 |  3.2
Summonings     | |  1.1
Translocations | |  1.1

Action                   |  1- 3 |  4- 6 |  7- 9 | 10-12 || total
-------------------------+-------+-------+-------+-------++-------
Melee: Dagger            |    28 |    89 |    93 |     7 ||   217
 Cast: Magic Dart        |   107 |   209 |   133 |     5 ||   454
       Mephitic Cloud    |     3 |     8 |    25 |     2 ||    38
       Blink             |       |     3 |     6 |       ||     9
       Conjure Flame     |       |     9 |    28 |     5 ||    42
       Call Imp          |       |     7 |     7 |       ||    14
Evoke: Wand              |       |       |       |     2 ||     2
 Stab: Confused          |     1 |     3 |     6 |       ||    10
       Sleeping          |       |     4 |       |       ||     4
Armor: Robe              |    13 |    12 |       |       ||    25
       Leather armour    |       |       |     7 |       ||     7
       Steam dragon scal |       |       |    18 |     2 ||    20
Dodge: Dodged            |    41 |    41 |    64 |     8 ||   154

Table legend: (Time is in decaauts)
 A = Elapsed time spent in this place.
 B = Non-inter-level travel time spent in this place.
 C = Inter-level travel time spent in this place.
 D = Time resting spent in this place.
 E = Time spent auto-exploring this place.
 F = Levels seen in this place.
 G = Mean time per level.
                   A        B        C        D        E       F      G
               +--------+--------+--------+--------+--------+-----+--------+
         Total |  12190 |  11989 |    201 |   1901 |   8216 |  11 | 1108.2 |
       Dungeon |   8608 |   8419 |    189 |    872 |   6181 |   8 | 1076.0 |
        Temple |    220 |    208 |     12 |      0 |    207 |   1 |  220.0 |
         Sewer |   1224 |   1224 |      0 |    513 |    577 |   1 | 1224.0 |
       Ossuary |   2136 |   2136 |      0 |    516 |   1251 |   1 | 2136.0 |
               +--------+--------+--------+--------+--------+-----+--------+

Top non-repeatable levels by time:
 Ossuary: 2136 daAuts
     D:6: 1726 daAuts
     D:1: 1547 daAuts
     D:5: 1440 daAuts
   Sewer: 1224 daAuts
     D:7: 1038 daAuts
     D:2: 882 daAuts
     D:4: 839 daAuts
     D:3: 758 daAuts
     D:8: 374 daAuts
  Temple: 220 daAuts
